 Dungeon Crawl Stone Soup version 0.26.1-10-gdfb7c7de75 (webtiles) character file.

Game seed: 8299935136747940114

53 Almogavar the Thaumaturge (level 3, -2/26 HPs)
             Began as a Gnoll Wanderer on Apr 2, 2021.
             Killed by nerve-wracking pain
             ... invoked by Jessica
              (7 damage)
             ... on level 2 of the Dungeon.
             The game lasted 00:06:50 (1340 turns).

Almogavar the Thaumaturge (Gnoll Wanderer)          Turns: 1340, Time: 00:06:52

Health: -2/26      AC:  4    Str: 15    XL:     3   Next: 89%
Magic:  8/13       EV: 12    Int: 15    God:
Gold:   74         SH:  0    Dex: 19    Spells: 19/20 levels left

rFire    . . .     SeeInvis .   a - +1 club
rCold    . . .     Faith    .   (no shield)
rNeg     . . .     Spirit   .   d - +0 robe
rPois    .         Reflect  .   o - +0 helmet
rElec    .         Harm     +   f - scarf {harm}
rCorr    .         Rampage  .   (no gloves)
Will     .....                  m - +0 pair of boots
Stlth    ++........             (no amulet)
HPRegen  0.08/turn              e - +6 ring of dexterity
MPRegen  0.13/turn              (no ring)

@: no status effects
A: distributed training, fangs 1, strong nose
a: no special abilities


You were on level 2 of the Dungeon.
You visited 1 branch of the dungeon, and saw 2 of its levels.

You collected 74 gold pieces.

Inventory:

Hand Weapons
 a - a +1 club (weapon)
Armour
 d - a +0 robe (worn)
 f - a scarf of harm (worn)
 m - a +0 pair of boots (worn)
 o - a +0 helmet (worn)
Jewellery
 e - a +6 ring of dexterity (left hand)
Scrolls
 b - a scroll of teleportation
 c - 3 scrolls of amnesia
 h - a scroll of identify {unknown}
 k - a scroll of remove curse
 n - a scroll of fear {unknown}
Potions
 g - a potion of curing {unknown}
 i - 2 potions of haste {unknown}
 j - a potion of lignification {unknown}
 l - a potion of heal wounds {unknown}


   Skills:
 + Level 1.0 Fighting
 + Level 1.0 Short Blades
 + Level 1.0 Long Blades
 + Level 1.0 Axes
 + Level 1.0 Maces & Flails
 + Level 1.0 Polearms
 + Level 1.0 Staves
 + Level 1.0 Slings
 + Level 1.0 Bows
 + Level 1.0 Crossbows
 + Level 2.6 Throwing
 + Level 1.0 Armour
 + Level 1.0 Dodging
 + Level 2.4 Stealth
 + Level 1.0 Shields
 + Level 1.0 Unarmed Combat
 + Level 9.3 Spellcasting
 + Level 0.7 Conjurations
 + Level 3.8 Hexes
 + Level 0.7 Summonings
 + Level 2.1 Necromancy
 + Level 0.7 Translocations
 + Level 0.7 Transmutations
 + Level 0.7 Fire Magic
 + Level 0.7 Ice Magic
 + Level 2.1 Air Magic
 + Level 0.7 Earth Magic
 + Level 0.7 Poison Magic
 + Level 1.0 Invocations
 + Level 1.0 Evocations


You had 19 spell levels left.
You knew the following spells:

 Your Spells              Type           Power        Failure   Level
a - Shock                 Conj/Air       44%          6%          1

Your spell library contained the following spells:

 Spells                   Type           Power        Failure   Level
 Corpse Rot               Necr/Air       N/A          6%          2
 Sublimation of Blood     Necr           6%           6%          2
 Swiftness                Air            13%          6%          2
 Summon Small Mammal      Summ           36%          8%          1
 Static Discharge         Conj/Air       11%          17%         3
 Call Canine Familiar     Summ           9%           24%         3
 Airstrike                Air            6%           38%         4
 Lightning Bolt           Conj/Air       5%           85%         5


Dungeon Overview and Level Annotations

Branches:
Dungeon (2/15)

Altars:

Annotations:
D:2 Jessica


Innate Abilities, Weirdness & Mutations

Your experience applies equally to all skills.
You have very sharp teeth.
Your uncanny sense of smell can sniff out nearby items.


Message History

Press: ? - help, Shift-Dir - straight line, f/p - Jessica
Aim: Jessica, wearing a +0 robe (heavily wounded, 32% to evade)
The zap misses Jessica.
Casting: Shock (safe; 6% risk of failure)
Confirm with . or Enter, or press ? or * to list all spells.
Aiming: Shock (safe; 6% risk of failure)
Press: ? - help, Shift-Dir - straight line, f/p - Jessica
Aim: Jessica, wearing a +0 robe (heavily wounded, 32% to evade)
The zap hits Jessica.
Jessica is almost dead.
Casting: Shock (safe; 6% risk of failure)
Confirm with . or Enter, or press ? or * to list all spells.
Aiming: Shock (safe; 6% risk of failure)
Press: ? - help, Shift-Dir - straight line, f/p - Jessica
Aim: Jessica, wearing a +0 robe (almost dead, 32% to evade)
The zap hits Jessica but does no damage.
Jessica is almost dead.
Jessica points at you and mumbles some strange words.
Pain shoots through your body!
You die...

# .##................###
##.#.........##........#
#............###.#.###..
..#..#.#.............# ##
..#..# #.#..####.....## ..#
.......#.#..####......#####...#
..#...........##....@......#
.....#...#..#.####...#####)#
#....#..##...).<@...........> #
#....##...##..##..#.######...
###.#...#...###.##.....## .....
.##.##..#...# #.##.###..## ....
.)...#......# #..#.##..... ...
............# ##.......#... ...
............#####..#.......
#....#....................
##>..#......)...##.#..#..


You could see Jessica.

Vanquished Creatures
  Robin (D:2)
  A dart slug (D:1)
  2 leopard geckos
  2 giant cockroaches
  13 goblins
  5 hobgoblins
  2 bats (D:1)
  A frilled lizard (D:1)
  4 kobolds
  3 rats
34 creatures vanquished.

Notes
Turn   | Place    | Note
-------+----------+-------------------------------------------
     0 | D:1      | Reached skill level 9 in Spellcasting
     0 | D:1      | Almogavar the Gnoll Wanderer began the quest for the Orb.
     0 | D:1      | Almogavar set off with the following items: a +0 club, a +0
                  | robe; and the following spells available to memorise:
                  | Shock, Corpse Rot, Sublimation of Blood, Swiftness, Summon
                  | Small Mammal, Static Discharge, Call Canine Familiar,
                  | Airstrike, Lightning Bolt
     0 | D:1      | Reached XP level 1. HP: 13/13 MP: 10/10
     2 | D:1      | Learned a level 1 spell: Shock
   157 | D:1      | Reached XP level 2. HP: 19/19 MP: 7/12
   978 | D:2      | Reached XP level 3. HP: 25/25 MP: 11/13
  1084 | D:2      | Reached skill level 1 in Invocations
  1087 | D:2      | Noticed Robin
  1266 | D:2      | Killed Robin
  1267 | D:2      | Reached skill level 1 in Fighting
  1267 | D:2      | Reached skill level 1 in Short Blades
  1267 | D:2      | Reached skill level 1 in Long Blades
  1267 | D:2      | Reached skill level 1 in Axes
  1267 | D:2      | Reached skill level 1 in Maces & Flails
  1267 | D:2      | Reached skill level 1 in Polearms
  1267 | D:2      | Reached skill level 1 in Staves
  1267 | D:2      | Reached skill level 1 in Slings
  1267 | D:2      | Reached skill level 1 in Bows
  1267 | D:2      | Reached skill level 1 in Crossbows
  1267 | D:2      | Reached skill level 1 in Armour
  1267 | D:2      | Reached skill level 1 in Dodging
  1267 | D:2      | Reached skill level 1 in Shields
  1267 | D:2      | Reached skill level 1 in Unarmed Combat
  1267 | D:2      | Reached skill level 1 in Evocations
  1332 | D:2      | Noticed Jessica
  1340 | D:2      | Killed from afar by Jessica

Illustrated notes

Levels and vault maps discovered:
D:1:      lightli_arrival_boilingwater, layout_loops_ring,
          chequers_serial_rivers_small_a
D:2:      layout_rooms, chequers_temple_overflow_statue_of_worship,
          uniq_jessica, uniq_robin

Skill      XL: |  1  2  3 |
---------------+----------+-----
Spellcasting   | |  9.3
Necromancy     | 2 |  2.1
Air Magic      | 2 |  2.1
Invocations    | 1 |  1.0
Fighting       | 1 |  1.0
Short Blades   | 1 |  1.0
Long Blades    | 1 |  1.0
Axes           | 1 |  1.0
Maces & Flails | 1 |  1.0
Polearms       | 1 |  1.0
Staves         | 1 |  1.0
Slings         | 1 |  1.0
Bows           | 1 |  1.0
Crossbows      | 1 |  1.0
Armour         | 1 |  1.0
Dodging        | 1 |  1.0
Shields        | 1 |  1.0
Unarmed Combat | 1 |  1.0
Evocations     | 1 |  1.0
Throwing       | |  2.6
Stealth        | |  2.4
Conjurations   | |  0.7
Hexes          | |  3.8
Summonings     | |  0.7
Translocations | |  0.7
Transmutations | |  0.7
Fire Magic     | |  0.7
Ice Magic      | |  0.7
Earth Magic    | |  0.7
Poison Magic   | |  0.7

Action                   || total
-------------------------++-------
Melee: Club              ||    21
       Bite              ||     2
 Cast: Shock             ||    67
  Use: Scroll            ||     5
 Stab: Sleeping          ||     1
Armor: Robe              ||     5
Dodge: Dodged            ||     8
